| TOP OF THE 1ST |
|
Palm Beach Nationals batting - Pitching for Oakland Oaks : RHP Eric Hanrahan
|
|
Pitching: RHP Eric Hanrahan
|
|
|
Batting: RHB Victor Rojas
|
0-0: Ball 1-0: Fly out, F9 (Flyball, 89M, EV 92.5 MPH)
|
|
Batting: RHB Alex Martinez
|
0-0: Ground out 6-3 (Groundball, P, EV 75.6 MPH)
|
|
Batting: RHB Rudolph Lentz
|
0-0: Ball 1-0: Fly out, F8 (Line Drive, 89M, EV 84.4 MPH)
|
| Top of the 1st over - 0 runs, 0 hits, 0 errors, 0 left on base; Palm Beach 0 - Oakland 0 |
| BOTTOM OF THE 1ST |
|
Oakland Oaks batting - Pitching for Palm Beach Nationals : RHP Brian Walker
|
|
Pitching: RHP Brian Walker
|
|
|
Batting: LHB Justin LeFlore
|
0-0: Called Strike 0-1: Ball 1-1: Foul Ball, location: 2F 1-2: Strikes out looking
|
|
Batting: SHB Steve McGee
|
0-0: Ground out 6-3 (Groundball, 56, EV 101.9 MPH)
|
|
Batting: RHB Phoctor Dill
|
0-0: Ground out 4-3 (Groundball, 4, EV 80.6 MPH)
|
| Bottom of the 1st over - 0 runs, 0 hits, 0 errors, 0 left on base; Palm Beach 0 - Oakland 0 |
| TOP OF THE 2ND |
|
Palm Beach Nationals batting - Pitching for Oakland Oaks : RHP Eric Hanrahan
|
|
Batting: RHB Charlie Iacovone
|
0-0: Foul Ball, location: 2F 0-1: Swinging Strike 0-2: SINGLE (Groundball, 5S, EV 65.6 MPH) (infield hit)
|
|
Batting: RHB Kenny Ball
|
0-0: Ball 1-0: 2-RUN HOME RUN (Line Drive, 8LXD, EV 115.0 MPH), Distance : 456 ft
|
|
Batting: SHB John Husson
|
0-0: Bunt missed! 0-1: Swinging Strike 0-2: Ground out U3 (Groundball, 3, EV 86.2 MPH)
|
|
Batting: LHB Tony Olvera
|
0-0: Ball 1-0: Ball 2-0: Ball 3-0: Called Strike 3-1: Called Strike 3-2: Strikes out swinging
|
|
Batting: RHB Jess Thomas
|
0-0: Ball 1-0: Swinging Strike 1-1: Foul Ball, location: 2F 1-2: Foul Ball, location: 2F 1-2: Strikes out swinging
|
| Top of the 2nd over - 2 runs, 2 hits, 0 errors, 0 left on base; Palm Beach 2 - Oakland 0 |
| BOTTOM OF THE 2ND |
|
Oakland Oaks batting - Pitching for Palm Beach Nationals : RHP Brian Walker
|
|
Batting: RHB Shi-xian Da
|
0-0: Swinging Strike 0-1: Ball 1-1: Ball 2-1: Called Strike 2-2: Ground out 4-3 (Groundball, 34, EV 108.8 MPH)
|
|
Batting: LHB Diego Vega
|
0-0: Called Strike 0-1: Ball 1-1: Foul Ball, location: 2F 1-2: Ball 2-2: Ball 3-2: TRIPLE (Flyball, 78XD, EV 99.4 MPH)
|
|
Batting: LHB Bryan Hodensack
|
0-0: Swinging Strike 0-1: Fly out, F8 (Flyball, 78M, EV 94.4 MPH) Runner from 3rd tags up, SCORES, throw by CF
|
|
Batting: SHB Chris King
|
0-0: Called Strike 0-1: Swinging Strike 0-2: Foul Ball, location: 2F 0-2: Foul Ball, location: 2F 0-2: Ball 1-2: Strikes out swinging
|
| Bottom of the 2nd over - 1 run, 1 hit, 0 errors, 0 left on base; Palm Beach 2 - Oakland 1 |
| TOP OF THE 3RD |
|
Palm Beach Nationals batting - Pitching for Oakland Oaks : RHP Eric Hanrahan
|
|
Batting: RHB Franklin Ortega
|
0-0: Ball 1-0: Called Strike 1-1: Ball 2-1: Foul Ball, location: 2F 2-2: Strikes out swinging
|
|
Batting: RHB Victor Rojas
|
0-0: Called Strike 0-1: Foul Ball, location: 2F 0-2: Ball 1-2: Strikes out swinging
|
|
Batting: RHB Alex Martinez
|
0-0: Called Strike 0-1: Ball 1-1: Ball 2-1: Foul Ball, location: 2F 2-2: SINGLE (Flyball, 4MD, EV 90.6 MPH)
|
|
Batting: RHB Rudolph Lentz
|
0-0: Ball 1-0: Ball 2-0: Foul Ball, location: 2F 2-1: Ball Pickoff Throw to First - Out! 1-3
|
| Top of the 3rd over - 0 runs, 1 hit, 0 errors, 0 left on base; Palm Beach 2 - Oakland 1 |
| BOTTOM OF THE 3RD |
|
Oakland Oaks batting - Pitching for Palm Beach Nationals : RHP Brian Walker
|
|
Batting: RHB Mario Medina
|
0-0: Called Strike 0-1: Fly out, F9 (Flyball, 9D, EV 106.9 MPH)
|
|
Batting: RHB Matt Nehman
|
0-0: Ball 1-0: Ball 2-0: Foul Ball, location: 2F 2-1: Ball 3-1: Base on Balls
|
|
Batting: LHB Justin LeFlore
|
0-0: Ball 1-0: Foul Ball, location: 2F 1-1: Foul Ball, location: 2F 1-2: Ball 2-2: Strikes out swinging
|
|
Batting: SHB Steve McGee
|
0-0: Ball 1-0: Fly out, F7 (Line Drive, 7, EV 95.0 MPH)
|
| Bottom of the 3rd over - 0 runs, 0 hits, 0 errors, 1 left on base; Palm Beach 2 - Oakland 1 |
| TOP OF THE 4TH |
|
Palm Beach Nationals batting - Pitching for Oakland Oaks : RHP Eric Hanrahan
|
|
Batting: RHB Rudolph Lentz
|
0-0: Ball 1-0: Foul Ball, location: 2F 1-1: Ball 2-1: Foul Ball, location: 2F 2-2: Ball 3-2: Foul Ball, location: 2F 3-2: Base on Balls
|
|
Batting: RHB Charlie Iacovone
|
0-0: Swinging Strike 0-1: Ball 1-1: Swinging Strike 1-2: Foul Ball, location: 2F 1-2: Strikes out looking
|
|
Batting: RHB Kenny Ball
|
0-0: SINGLE (Groundball, 6MD, EV 94.4 MPH) Rudolph Lentz to second
|
|
Batting: SHB John Husson
|
0-0: Fielders Choice at 2nd, 5-4 (Groundball, 5, EV 87.5 MPH) Rudolph Lentz to third
|
|
Batting: LHB Tony Olvera
|
0-0: Foul Ball, location: 2F 0-1: Swinging Strike 0-2: Ball Wild Pitch! Rudolph Lentz scores John Husson to second 1-2: Foul Ball, location: 2F 1-2: Strikes out swinging
|
| Top of the 4th over - 1 run, 1 hit, 0 errors, 1 left on base; Palm Beach 3 - Oakland 1 |
| BOTTOM OF THE 4TH |
|
Oakland Oaks batting - Pitching for Palm Beach Nationals : RHP Brian Walker
|
|
Batting: RHB Phoctor Dill
|
0-0: Called Strike 0-1: Ground out 5-3 (Groundball, 56S, EV 85.0 MPH)
|
|
Batting: RHB Shi-xian Da
|
0-0: Ball 1-0: Ball 2-0: Ball 3-0: Base on Balls
|
|
Batting: LHB Diego Vega
|
Pickoff Throw to First - Out! 1-3 0-0: Ball 1-0: Ball 2-0: Called Strike 2-1: Called Strike 2-2: Strikes out swinging
|
| Bottom of the 4th over - 0 runs, 0 hits, 0 errors, 0 left on base; Palm Beach 3 - Oakland 1 |
| TOP OF THE 5TH |
|
Palm Beach Nationals batting - Pitching for Oakland Oaks : RHP Eric Hanrahan
|
|
Batting: RHB Jess Thomas
|
0-0: Foul Ball, location: 2F 0-1: Ball 1-1: Swinging Strike 1-2: Ball 2-2: Ball 3-2: Strikes out swinging
|
|
Batting: RHB Franklin Ortega
|
0-0: Foul Ball, location: 2F 0-1: Swinging Strike 0-2: Ball 1-2: Ball 2-2: Strikes out looking
|
|
Batting: RHB Victor Rojas
|
0-0: Fly out, F7 (Line Drive, 78M, EV 85.0 MPH)
|
| Top of the 5th over - 0 runs, 0 hits, 0 errors, 0 left on base; Palm Beach 3 - Oakland 1 |
| BOTTOM OF THE 5TH |
|
Oakland Oaks batting - Pitching for Palm Beach Nationals : RHP Brian Walker
|
|
Batting: LHB Bryan Hodensack
|
0-0: Foul Ball, location: 2F 0-1: Ball 1-1: Ball 2-1: Ball 3-1: Base on Balls
|
|
Batting: SHB Chris King
|
0-0: Ball 1-0: Ball 2-0: Ball 3-0: Called Strike 3-1: Fielders Choice at 2nd, 4-6 (Groundball, 4, EV 100.0 MPH)
|
|
Batting: RHB Mario Medina
|
0-0: Called Strike 0-1: Swinging Strike 0-2: Ball 1-2: Strikes out swinging
|
|
Batting: RHB Matt Nehman
|
0-0: Ball 1-0: Fielders Choice at 2nd, 6-4 (Groundball, 6, EV 78.8 MPH)
|
| Bottom of the 5th over - 0 runs, 0 hits, 0 errors, 1 left on base; Palm Beach 3 - Oakland 1 |
| TOP OF THE 6TH |
|
Palm Beach Nationals batting - Pitching for Oakland Oaks : RHP Eric Hanrahan
|
|
Batting: RHB Alex Martinez
|
0-0: Called Strike 0-1: Called Strike 0-2: Foul Ball, location: 2F 0-2: Ball 1-2: Ball 2-2: Ground out 4-3 (Groundball, 4, EV 86.2 MPH)
|
|
Batting: RHB Rudolph Lentz
|
0-0: Foul Ball, location: 2F 0-1: Ball 1-1: Fly out, F7 (Flyball, 78M, EV 87.5 MPH)
|
|
Batting: RHB Charlie Iacovone
|
0-0: Called Strike 0-1: Ball 1-1: Foul Ball, location: 2F 1-2: Fly out, F8 (Line Drive, 89S, EV 93.1 MPH)
|
| Top of the 6th over - 0 runs, 0 hits, 0 errors, 0 left on base; Palm Beach 3 - Oakland 1 |
| BOTTOM OF THE 6TH |
|
Oakland Oaks batting - Pitching for Palm Beach Nationals : RHP Brian Walker
|
|
Batting: LHB Justin LeFlore
|
0-0: Foul Ball, location: 2F 0-1: Called Strike 0-2: Fly out, F9 (Line Drive, 89M, EV 87.5 MPH)
|
|
Batting: SHB Steve McGee
|
0-0: Ball 1-0: Called Strike 1-1: Swinging Strike 1-2: Strikes out swinging
|
|
Batting: RHB Phoctor Dill
|
0-0: Called Strike 0-1: Swinging Strike 0-2: Ball 1-2: Fly out, F9 (Flyball, 9, EV 91.9 MPH)
|
| Bottom of the 6th over - 0 runs, 0 hits, 0 errors, 0 left on base; Palm Beach 3 - Oakland 1 |
| TOP OF THE 7TH |
|
Palm Beach Nationals batting - Pitching for Oakland Oaks : RHP Eric Hanrahan
|
|
Batting: RHB Kenny Ball
|
0-0: Fly out, F7 (Flyball, 78M, EV 91.9 MPH)
|
|
Batting: SHB John Husson
|
0-0: Ball 1-0: Called Strike 1-1: Foul Ball, location: 2F 1-2: Fly out, F8 (Flyball, 89S, EV 86.2 MPH)
|
|
Batting: LHB Tony Olvera
|
0-0: Called Strike 0-1: Foul Ball, location: 2F 0-2: Ball 1-2: Foul Ball, location: 2F 1-2: Ground out 1-4-3 (Groundball, 15S, EV 109.4 MPH)
|
| Top of the 7th over - 0 runs, 0 hits, 0 errors, 0 left on base; Palm Beach 3 - Oakland 1 |
| BOTTOM OF THE 7TH |
|
Oakland Oaks batting - Pitching for Palm Beach Nationals : RHP Brian Walker
|
|
Batting: RHB Shi-xian Da
|
0-0: Called Strike 0-1: Swinging Strike 0-2: Ball 1-2: Strikes out swinging
|
|
Pitching: RHP Ramiro Ramirez
|
|
|
Batting: LHB Diego Vega
|
0-0: Foul Ball, location: 2F 0-1: Swinging Strike 0-2: Ball 1-2: Ball 2-2: Ball 3-2: Foul Ball, location: 2F 3-2: Fly out, F8 (Flyball, 78M, EV 90.6 MPH)
|
|
Batting: LHB Bryan Hodensack
|
0-0: Called Strike 0-1: Fly out, F9 (Flyball, 9, EV 93.8 MPH)
|
| Bottom of the 7th over - 0 runs, 0 hits, 0 errors, 0 left on base; Palm Beach 3 - Oakland 1 |
| TOP OF THE 8TH |
|
Palm Beach Nationals batting - Pitching for Oakland Oaks : RHP Eric Hanrahan
|
|
Batting: LHB Carlos Guadarrama
|
0-0: Swinging Strike 0-1: Foul Ball, location: 2F 0-2: Strikes out swinging
|
|
Batting: RHB Franklin Ortega
|
0-0: Ball 1-0: Foul Ball, location: 2F 1-1: Called Strike 1-2: Strikes out swinging
|
|
Batting: RHB Victor Rojas
|
0-0: Hit by Pitch
|
|
Batting: RHB Alex Martinez
|
0-0: Called Strike 0-1: Foul Ball, location: 2F 0-2: Fielders Choice at 2nd, U4 (Groundball, 4M, EV 78.1 MPH)
|
| Top of the 8th over - 0 runs, 0 hits, 0 errors, 1 left on base; Palm Beach 3 - Oakland 1 |
| BOTTOM OF THE 8TH |
|
Oakland Oaks batting - Pitching for Palm Beach Nationals : RHP Ramiro Ramirez
|
|
Batting: SHB Chris King
|
0-0: Foul Ball, location: 2F 0-1: Foul Ball, location: 2F 0-2: Ball 1-2: Fly out, F7 (Flyball, 7LM, EV 82.5 MPH)
|
|
Batting: RHB Mario Medina
|
0-0: Ball 1-0: Called Strike 1-1: Ball 2-1: Foul Ball, location: 2F 2-2: Fly out, F9 (Flyball, 89D, EV 98.8 MPH)
|
|
Batting: RHB Moises Guzman
|
0-0: Called Strike 0-1: Swinging Strike 0-2: Foul Ball, location: 2F 0-2: Ball 1-2: Strikes out swinging
|
| Bottom of the 8th over - 0 runs, 0 hits, 0 errors, 0 left on base; Palm Beach 3 - Oakland 1 |
| TOP OF THE 9TH |
|
Palm Beach Nationals batting - Pitching for Oakland Oaks : RHP Eric Hanrahan
|
|
Pinch Hitting: RHB Ryan Wright
|
0-0: Foul Ball, location: 2F 0-1: Ball 1-1: Ball 2-1: Ground out 1-3 (Groundball, 13S, EV 69.4 MPH)
|
|
Batting: RHB Charlie Iacovone
|
0-0: Called Strike 0-1: Ball 1-1: Fly out, F9 (Line Drive, 9, EV 105.6 MPH)
|
|
Batting: RHB Kenny Ball
|
0-0: Ball 1-0: Swinging Strike 1-1: Swinging Strike 1-2: Ball 2-2: Ground out 6-3 (Groundball, 6S, EV 60.6 MPH)
|
| Top of the 9th over - 0 runs, 0 hits, 0 errors, 0 left on base; Palm Beach 3 - Oakland 1 |
| BOTTOM OF THE 9TH |
|
Oakland Oaks batting - Pitching for Palm Beach Nationals : RHP Ramiro Ramirez
|
|
Pitching: RHP Kareem Linz
|
|
|
Now at SS: Ivan Torres
|
|
|
Now in LF: Joe Simmelink
|
|
|
Batting: LHB Justin LeFlore
|
0-0: Ball 1-0: Ball 2-0: Called Strike 2-1: Swinging Strike 2-2: Strikes out looking
|
|
Batting: SHB Steve McGee
|
0-0: Swinging Strike 0-1: Fly out, F8 (Flyball, 8RM, EV 73.8 MPH)
|
|
Batting: RHB Phoctor Dill
|
0-0: Ball 1-0: Fly out, F7 (Flyball, 7S, EV 95.6 MPH)
|
| Bottom of the 9th over - 0 runs, 0 hits, 0 errors, 0 left on base; Palm Beach 3 - Oakland 1 |
|